Map: Dusk Towers

Players

PtitDrogo

  • Race: Protoss Protoss
  • League: Grandmaster

Lambo - Winner!

  • Race: Zerg Zerg
  • League: Grandmaster

Event: 2016 WCS Winter Challenger Europe

VOD

Have the link to the VOD?

Description

Time

  • Played on: Feb. 13, 2016, 11:48 a.m.
  • Length: 15:41

All games in this series

Show
View Real Time Build Order
Export as new Build Order

PtitDrogo Protoss 

Build Orders: Nexus First, Phoenix Opening 

Get SALT Encoding   

  12  0:01  Probe (Chrono Boost)  
  13  0:11  Probe (Chrono Boost)  
  14  0:19  Pylon  
  14  0:22  Probe (Chrono Boost)  
  15  0:37  Probe (Chrono Boost)  
  16  0:47  Probe (Chrono Boost)  
  17  0:57  Nexus  
  17  1:07  Gateway  
  17  1:10  Probe (Chrono Boost)  
  18  1:15  Assimilator  
  18  1:21  Probe (Chrono Boost)  
  18  1:24  Assimilator  
  19  1:31  Probe (Chrono Boost)  
  20  1:35  Pylon  
  20  1:42  Probe (Chrono Boost)  
  21  1:53  Probe (Chrono Boost)  
  22  1:57  Cybernetics Core  
  22  2:03  Probe (Chrono Boost)  
  22  2:04  Zealot  
  25  2:11  Probe (Chrono Boost)  
  25  2:14  Probe (Chrono Boost)  
  27  2:21  Probe (Chrono Boost)  
  28  2:24  Probe (Chrono Boost)  
  29  2:30  Adept (Chrono Boost)  
  29  2:31  Probe (Chrono Boost)  
  29  2:33  Warp Gate  
  29  2:35  Probe (Chrono Boost)  
  33  2:41  Stargate  
  33  2:43  Probe (Chrono Boost)  
  34  2:48  Probe (Chrono Boost)  
  35  2:54  Probe (Chrono Boost)  
  35  2:56  Adept  
  39  2:58  Probe (Chrono Boost)  
  39  3:05  Probe (Chrono Boost)  
  40  3:07  Pylon  
  40  3:09  Probe (Chrono Boost)  
  41  3:15  Probe (Chrono Boost)  
  44  3:20  Mothership Core (Chrono Boost)  
  44  3:27  Probe (Chrono Boost)  
  44  3:29  Phoenix (Chrono Boost)  
  47  3:37  Probe  
  47  3:39  Probe, Nexus  
  49  3:43  Pylon  
  49  3:47  Pylon  
  49  3:48  Probe  
  49  3:51  Probe  
  49  3:53  Phoenix (Chrono Boost)  
  53  3:58  Probe  
  54  4:06  Probe, Assimilator x2  
  54  4:09  Probe  
  55  4:15  Phoenix (Chrono Boost)  
  58  4:18  Probe  
  58  4:19  Probe  
  58  4:21  Forge  
  60  4:30  Probe  
  61  4:32  Pylon  
  59  4:41  Gateway  
  59  4:44  Gateway  
  55  4:48  Pylon  
  55  4:50  Probe, Pylon, Phoenix (Chrono Boost)  
  55  4:51  Probe, Adept  
  60  4:56  Protoss Ground Weapons Level 1 (Chrono Boost)  
  61  5:05  Probe  
  62  5:11  Probe  
  63  5:14  Phoenix  
  65  5:21  Zealot  
  65  5:22  Probe  
  65  5:26  Gateway  
  65  5:28  Gateway  
  68  5:32  Probe  
  68  5:34  Pylon  
  68  5:35  Probe  
  70  5:36  Pylon  
  70  5:39  Phoenix  
  72  5:43  Probe  
  72  5:47  Probe  
  72  5:48  Adept  
  76  5:53  Probe  
  77  5:57  Nexus  
  77  5:58  Pylon  
  77  5:59  Probe, Adept x2  
  77  6:00  Pylon  
  77  6:01  Twilight Council  
  82  6:04  Probe  
  83  6:11  Probe, Phoenix  
  83  6:14  Probe  
  83  6:17  Robotics Facility x2  
  87  6:19  Sentry x2  
  87  6:23  Probe  
  87  6:25  Probe  
  93  6:35  Probe x2  
  95  6:41  Phoenix  
  95  6:46  Zealot x3  
  101  6:52  Zealot x2  
  101  6:53  Probe x2  
  94  6:54  Protoss Ground Weapons Level 2 (Chrono Boost)  
  95  7:03  Charge (Chrono Boost)  
  95  7:05  Probe  
  95  7:06  Phoenix  
  95  7:07  Immortal  
  102  7:09  Assimilator  
  102  7:21  Immortal  
  102  7:24  Assimilator  
  102  7:29  Pylon  
  106  7:32  Pylon  
  106  7:34  Pylon  
  106  7:38  Sentry, Gateway x2  
  106  7:40  Zealot x2, Gateway  
  112  7:47  Pylon  
  112  7:49  Immortal  
  112  7:50  Zealot  
  112  7:51  Zealot  
  120  8:01  Immortal  
  120  8:04  Templar Archives  
  120  8:06  Pylon  
  124  8:21  Zealot x4  
  132  8:29  Nexus, Photon Cannon, Immortal  
  132  8:31  Pylon  
  136  8:44  High Templar  
  136  8:45  High Templar x2  
  136  8:46  High Templar  
  136  8:47  Zealot x4  
  152  8:50  Photon Cannon  
  152  8:51  Archon x2  
  152  8:52  Pylon  
  152  9:01  Immortal  
  150  9:07  High Templar x2  
  150  9:08  Zealot x2  
  162  9:20  Zealot  
  162  9:21  Zealot x3  
  162  9:30  Zealot x2  
  114  9:39  Zealot  
  114  9:41  Protoss Ground Weapons Level 3  
  114  9:42  Zealot x5  
  114  9:44  Immortal  
  114  9:47  Phoenix  
  107  9:56  Zealot x2  
  107  9:58  Probe x2  
  111  10:05  Zealot x3  
  117  10:12  High Templar x3  
  123  10:21  High Templar  
  123  10:22  Assimilator  
  123  10:28  Archon, Assimilator  
  125  10:31  Archon  
  125  10:35  Zealot x4  
  125  10:36  Mothership Core  
  125  10:40  Gateway  
  125  10:42  Photon Cannon, Gateway  
  133  10:44  Gateway  
  133  10:45  High Templar x2, Immortal  
  133  10:49  Archon  
  137  10:50  Warp Prism  
  142  10:57  Zealot, High Templar x2  
  142  10:58  Zealot x3  
  142  11:02  Archon  
  154  11:07  Pylon  
  154  11:17  High Templar  
  154  11:18  Zealot x2, High Templar  
  158  11:19  Zealot x2  
  158  11:24  Archon  
  164  11:40  Zealot x6  
  164  11:41  Zealot x3  
  164  11:44  Pylon  
  154  12:03  High Templar x4  
  154  12:04  High Templar x3  
  154  12:05  Zealot x3, High Templar  
  164  12:09  Archon x3  
  164  12:13  Archon  
  128  12:28  Zealot x3  
  106  12:35  Zealot x3  
  106  12:36  Zealot x3  
  98  12:41  Zealot x2  
  98  12:43  Immortal  
  90  12:48  Immortal  
  90  12:49  High Templar x2  
  90  12:50  Zealot  
  90  12:53  Archon  
  90  12:56  Zealot x6  
  101  13:01  High Templar x2  
  98  13:08  Archon  
  98  13:10  Zealot  
  86  13:16  Mothership Core  
  86  13:18  Zealot x6  
  92  13:25  Zealot x2  
  88  13:32  Zealot  
  76  13:34  Zealot x2  
  76  13:41  High Templar x4  
  74  13:42  High Templar x2  
  74  13:45  Archon x2  
  74  13:46  Archon  
  80  13:53  High Templar  
  80  13:54  Zealot x2, High Templar  
  79  13:58  Archon  
  79  13:59  Immortal (Chrono Boost)  
  83  14:08  Nexus  
  83  14:23  Immortal (Chrono Boost)  
  87  14:24  High Templar x2  
  87  14:28  Archon  
  87  14:29  Zealot x3  
  97  14:41  Immortal (Chrono Boost)  
  101  14:59  Zealot x4  
  108  15:09  Zealot x2  
  108  15:14  High Templar x2  
  115  15:19  Archon  
  115  15:26  Zealot x2  
Show
View Real Time Build Order
Export as new Build Order

Lambo Zerg - Winner!

Build Orders: 3 Hatch before Pool 

Get SALT Encoding   

  12  0:01  Drone  
  13  0:12  Overlord  
  13  0:19  Drone  
  14  0:30  Drone x2  
  14  0:34  Drone  
  17  0:51  Hatchery  
  17  0:54  Drone  
  17  0:57  Drone  
  18  1:17  Hatchery  
  17  1:22  Drone  
  17  1:23  Drone  
  19  1:34  Extractor  
  19  1:36  Spawning Pool  
  17  1:40  Drone  
  17  1:43  Drone  
  19  1:50  Drone  
  20  2:01  Drone  
  20  2:03  Drone  
  22  2:13  Drone  
  22  2:15  Drone  
  24  2:23  Queen x2  
  24  2:28  Queen  
  24  2:29  Zergling x2  
  31  2:36  Metabolic Boost  
  31  2:39  Overlord  
  31  2:43  Drone x2  
  33  2:47  Drone  
  34  2:52  Overlord  
  34  2:57  Drone x2  
  36  2:59  Drone x2  
  36  3:03  Drone x2  
  40  3:08  Overlord  
  40  3:13  Zergling x4  
  40  3:16  Zergling x2  
  43  3:23  Overlord  
  42  3:27  Zergling x4  
  42  3:32  Zergling x8  
  42  3:33  Zergling x4  
  50  3:44  Zergling x6  
  50  3:45  Overlord, Zergling x4  
  55  3:53  Overlord  
  55  3:55  Zergling x6  
  58  4:04  Overlord, Zergling x2  
  58  4:05  Zergling x10  
  64  4:11  Overlord  
  64  4:12  Drone x4  
  64  4:16  Overlord, Extractor  
  67  4:18  Drone x2  
  71  4:29  Drone x3  
  70  4:36  Drone  
  66  4:38  Drone  
  66  4:39  Drone  
  66  4:43  Drone x4  
  66  4:45  Roach Warren  
  70  4:49  Drone x3  
  70  4:51  Drone  
  71  4:53  Spore Crawler  
  71  4:54  Spore Crawler  
  71  4:56  Spore Crawler  
  71  4:57  Lair  
  68  5:00  Drone x2  
  68  5:05  Drone x3  
  73  5:11  Overlord  
  73  5:12  Drone x3  
  76  5:14  Extractor  
  76  5:16  Extractor, Evolution Chamber  
  76  5:17  Drone x2  
  76  5:20  Drone, Extractor  
  72  5:21  Extractor  
  72  5:23  Drone x2  
  72  5:25  Drone x2  
  72  5:28  Drone x2  
  77  5:33  Drone x3  
  79  5:48  Drone x2  
  81  5:50  Drone  
  81  5:55  Zerg Missile Weapons Level 1  
  82  5:58  Overlord, Hydralisk Den  
  82  5:59  Overlord, Infestation Pit  
  82  6:01  Drone x2  
  82  6:04  Overlord  
  82  6:06  Overlord  
  82  6:09  Overlord  
  82  6:10  Overlord  
  82  6:12  Hatchery  
  82  6:16  Drone  
  82  6:17  Drone x3  
  82  6:18  Overlord  
  85  6:19  Drone  
  85  6:21  Overlord  
  85  6:23  Overlord  
  86  6:31  Muscular Augments  
  84  6:33  Queen  
  81  6:45  Hydralisk x6  
  88  6:49  Hydralisk x2  
  86  6:55  Hydralisk x2  
  86  6:57  Overlord  
  86  7:00  Infestor  
  92  7:01  Infestor  
  92  7:05  Drone x2  
  92  7:06  Drone  
  97  7:14  Hydralisk x4  
  100  7:23  Drone x2  
  100  7:24  Queen  
  100  7:26  Glial Reconstitution  
  104  7:38  Drone x3  
  104  7:40  Hydralisk x5  
  104  7:42  Roach x2  
  121  7:51  Roach x4  
  128  8:00  Hydralisk x2  
  128  8:01  Hydralisk x2  
  136  8:11  Roach  
  136  8:12  Roach x6  
  146  8:24  Overlord x3  
  146  8:28  Roach x2  
  147  8:43  Roach  
  147  8:44  Roach x10  
  147  8:48  Overlord  
  169  8:49  Hydralisk  
  169  8:53  Roach x2  
  175  8:56  Overlord  
  175  9:12  Hydralisk x4  
  183  9:23  Roach x5  
  177  9:33  Hydralisk x4  
  177  9:34  Hydralisk x3  
  123  9:50  Hydralisk, Zergling x2  
  123  9:51  Zergling x12  
  124  9:59  Pathogen Glands  
  120  10:03  Hydralisk  
  120  10:04  Hydralisk x3  
  122  10:12  Roach x3  
  120  10:20  Roach x3  
  121  10:30  Zerg Missile Weapons Level 2  
  121  10:32  Infestor x3  
  121  10:34  Hydralisk  
  129  10:42  Roach x6  
  141  10:46  Roach x2  
  145  10:56  Infestor  
  144  10:59  Roach x3  
  144  11:04  Roach x3  
  151  11:07  Roach x2  
  151  11:10  Hydralisk  
  159  11:14  Hydralisk  
  161  11:18  Hydralisk  
  161  11:19  Hydralisk  
  161  11:23  Roach x2  
  161  11:25  Roach x2  
  173  11:29  Roach x2  
  177  11:35  Roach  
  177  11:36  Roach x3  
  177  11:39  Roach x3  
  191  11:41  Overlord  
  191  11:45  Overlord  
  189  12:00  Hydralisk x6  
  199  12:21  Hydralisk x2  
  199  12:22  Hydralisk x6  
  157  12:32  Roach  
  157  12:33  Roach x6  
  139  12:45  Hydralisk, Roach x2  
  139  12:46  Roach x3  
  139  12:49  Roach  
  139  12:50  Roach  
  153  12:57  Roach x3  
  157  13:08  Roach  
  157  13:09  Roach x4  
  147  13:16  Roach x4  
  143  13:27  Roach x4  
  143  13:32  Roach x2  
  139  13:41  Roach x4  
  139  13:44  Infestor  
  147  13:53  Hydralisk x2  
  151  13:59  Hydralisk  
  151  14:00  Hydralisk  
  153  14:03  Infestor  
  155  14:15  Infestor  
  155  14:16  Infestor  
  159  14:17  Hydralisk  
  159  14:23  Hydralisk x2  
  163  14:27  Hydralisk  
  167  14:32  Hydralisk x2  
  167  14:35  Hydralisk  
  173  14:39  Hydralisk  
  173  14:40  Hydralisk  
  173  14:42  Hydralisk  
  179  14:47  Hydralisk x2  
  179  14:50  Hydralisk  
  185  14:55  Hydralisk  
  185  14:56  Hydralisk  
  189  15:11  Hydralisk  
  189  15:12  Hydralisk x4  
Tags
 
Add a new tag
Caveats
  • Supply blocks, unpowered buildings, or Contaminate may cause inaccurate times.
  • Supply counts are checked every 10 seconds.